AoeStats
← Lasse

Arabia

509881638Analyzed
1v1 RM · 5d ago on Sep 28, 2026· 32m 20s· 2 players
Game mode
Random Map
Map size
Tiny (2 player)
Population
200
Speed
Normal
Resources
Standard
Victory
Conquest
Starting age
Dark Age
Ending age
Imperial Age
RankedLock teamsTeams togetherTeam positionsShared explorationLock speedFull tech treeHidden civsTurbo modeCheats
Victory
Defeat
🇫🇷 Khmer · France
1478
+13
🇩🇪 Saxons · Germany
1422
-13
Lasse
6:12 Loom
8:27 Feudal Age
12:45 Double-Bit Axe
14:36 Horse Collar
16:57 Bloodlines
19:04 Forging
25:27 Castle Age
24:23 Scale Barding Armor
26:03 Fletching
26:35 Chain Barding Armor
25:40 Light Cavalry
26:20 Husbandry
30:46 Bow Saw
Aquarius XII
5:43 Loom
5:58 Loom
9:25 Feudal Age
9:39 Man-at-Arms
10:13 Double-Bit Axe
17:14 Wheelbarrow
22:29 Castle Age
22:32 Pikeman
23:22 Long Swordsman
24:03 Scale Mail Armor
26:32 Squires
26:22 Arson
28:12 Squires
Connection lost

Rejoining the realm…

Still unreachable

The connection could not be restored.

Session expired

The server has moved on; the page needs a fresh start.